 Dungeon Crawl Stone Soup version 0.25-a0-404-gc1b5a34292 (webtiles) character file.

Game seed: 17418120064923688387, levelgen mode: deterministic

232659 ReteAZ the Human Blade (level 20, -5/147 HPs)
             Began as a Human Fighter on Jan 10, 2020.
             Was a High Priest of the Shining One.
             Slain by a red draconian monk (12 damage)
             ... on level 3 of the Abyss.
             The game lasted 01:35:46 (33027 turns).

ReteAZ the Human Blade (Human Fighter)             Turns: 33027, Time: 01:35:47

Health: -5/147     AC: 34    Str: 24 (25) XL:     20   Next: 33%
Magic:  7/27       EV: 12    Int:  1 (8)  God:    the Shining One [*****.]
Gold:   3216       SH: 24    Dex: 16 (17) Spells: 19/19 levels left

rFire    + + .     SeeInvis .   t - +2 scimitar (flame)
rCold    + . .     Gourm    .   w - +2 shield {AC+3}
rNeg     + + +     Faith    .   e - +0 gold dragon scales
rPois    +         Spirit   .   n - +2 helmet
rElec    +         Reflect  +   G - +0 cloak
rCorr    .         Harm     .   z - +2 pair of gloves of Hedonism {rElec MR+}
MR       ++...                  K - +0 pair of boots
Stlth    ..........             c - brooch of Shielding {Reflect SH+8}
HPRegen  0.74/turn              h - ring "Heutessol" {rF+ rN+}
MPRegen  0.20/turn              i - +4 ring of protection

@: agile, hasted and slowed, lost intelligence, glowing, lightly drained
A: clumsy 1, deterioration 1, regeneration 1
}: 1/15 runes: gossamer
a: Divine Shield, Cleansing Flame, Summon Divine Warrior, Renounce Religion


You were on level 3 of the Abyss.
You worshipped the Shining One.
The Shining One was extremely pleased with you.
You were very hungry.

You visited 7 branches of the dungeon, and saw 32 of its levels.
You visited the Abyss 2 times.

You collected 4503 gold pieces.
You spent 1174 gold pieces at shops.
You donated 113 gold pieces to Zin.

Inventory:

Hand Weapons
 t - a +2 scimitar of flaming (weapon)
 L - a +3 falchion of freezing
Missiles
 E - 4 throwing nets (quivered)
Armour
 e - +0 gold dragon scales (worn)
 n - a +2 helmet (worn)
 w - a +2 shield of protection (worn)
 z - the +2 pair of gloves of Hedonism (worn) {rElec MR+}
   (You found it on level 5 of the Dungeon)

   It insulates you from electricity.
   It affects your resistance to hostile enchantments.
 G - a +0 cloak (worn)
 K - a +0 pair of boots (worn)
Jewellery
 c - the brooch of Shielding (around neck) {Reflect SH+8}
   (You took it off a deep elf sorcerer on level 3 of the Elven Halls)

   [amulet of reflection]

   It shields you and reflects attacks.
   It affects your SH (+8).
 h - the ring "Heutessol" (left hand) {rF+ rN+}
   (You took it off a vampire on level 14 of the Dungeon)

   [ring of positive energy]

   It protects you from fire.
   It protects you from negative energy.
 i - a +4 ring of protection (right hand)
 N - an uncursed ring of resist corrosion
 Q - the amulet "Efupsuuw" {RegenMP *Drain rPois rC+++ SInv}
   (You found it on level 1 of the Lair of Beasts)

   [amulet of magic regeneration]

   It increases your magic regeneration.
   It renders you almost immune to cold.
   It protects you from poison.
   It lets you see invisible.
   It causes draining when unequipped.
 U - an uncursed ring of protection from magic
Wands
 b - a wand of scattershot (16)
 s - a wand of flame (21)
 v - a wand of iceblast (30)
 x - a wand of enslavement (20)
 T - a wand of digging (8)
Scrolls
 a - 2 scrolls of blinking
 g - 5 scrolls of teleportation
 j - 10 scrolls of enchant weapon
 q - 2 scrolls of magic mapping
 r - a scroll of amnesia
 y - 2 scrolls of summoning
 C - a scroll of brand weapon
 D - 10 scrolls of remove curse
 F - 3 scrolls of enchant armour
 R - 2 scrolls of fear
 Y - 2 scrolls of fog
 Z - a scroll of silence
Potions
 d - a potion of might
 k - a potion of magic
 l - 4 potions of resistance
 o - 7 potions of agility
 p - 5 potions of lignification
 A - 3 potions of flight
 B - 11 potions of curing
 H - 3 potions of berserk rage
 O - a potion of ambrosia
 P - 2 potions of haste
 V - a potion of mutation
Comestibles
 f - 45 rations


   Skills:
 - Level 10.1(9.5) Fighting
 * Level 23.8(22.9) Long Blades
 + Level 10.4(9.8) Armour
 - Level 6.0(5.4) Dodging
 - Level 15.1(14.4) Shields
 - Level 10.0(9.4) Invocations
 - Level 10.0(9.3) Evocations


You had 19 spell levels left.
You didn't know any spells.
Your spell library contained the following spells:

 Spells                   Type           Power        Failure   Level  Hunger
 Foxfire                  Conj/Fire      #...         100%        1    ##.....
 Sandblast                Erth           #.....       100%        1    ##.....
 Sting                    Tmut/Pois      #...         100%        1    ##.....
 Summon Butterflies       Summ           #.......     100%        1    ##.....
 Summon Small Mammal      Summ           #...         100%        1    ##.....
 Blink                    Tloc           N/A          100%        2    ###....
 Call Imp                 Summ           #.......     100%        2    ###....
 Corpse Rot               Necr/Air       N/A          100%        2    ###....
 Passwall                 Tmut/Erth      #.......     100%        2    ###....
 Poisonous Vapours        Pois/Air       #.....       100%        2    ###....
 Sublimation of Blood     Necr           #.........   100%        2    ###....
 Call Canine Familiar     Summ           #.......     100%        3    ####...
 Confusing Touch          Hex            #.......     100%        3    ####...
 Conjure Flame            Conj/Fire      #.......     100%        3    ####...
 Gell's Gravitas          Tloc           #.........   100%        3    ####...
 Ignite Poison            Fire/Tmut/Pois #.......     100%        3    ####...
 Inner Flame              Hex/Fire       #.......     100%        3    ####...
 Mephitic Cloud           Conj/Pois/Air  #.......     100%        3    ####...
 Recall                   Summ/Tloc      N/A          100%        3    ####...
 Stone Arrow              Conj/Erth      #.....       100%        3    ####...
 Summon Guardian Golem    Hex/Summ       #.......     100%        3    ####...
 Animate Dead             Necr           N/A          100%        4    #####..
 Iskenderun's Mystic Bla  Conj/Tloc      #.......     100%        4    #####..
 Olgreb's Toxic Radiance  Pois           #.......     100%        4    #####..
 Petrify                  Tmut/Erth      #.......     100%        4    #####..
 Sticky Flame             Conj/Fire      #.......     100%        4    #####..
 Summon Ice Beast         Ice/Summ       #.......     100%        4    #####..
 Summon Lightning Spire   Summ/Air       #.......     100%        4    #####..
 Alistair's Intoxication  Tmut/Pois      #.......     100%        5    ######.
 Borgnjor's Vile Clutch   Necr/Erth      #.........   100%        5    ######.
 Fireball                 Conj/Fire      #.........   100%        5    ######.
 Irradiate                Conj/Tmut      #.........   100%        5    ######.
 Lee's Rapid Deconstruct  Erth           #.........   100%        5    ######.
 Metabolic Englaciation   Hex/Ice        #.........   100%        5    ######.
 Silence                  Hex/Air        #.........   100%        5    ######.
 Summon Forest            Summ/Tloc      #.........   100%        5    ######.
 Yara's Violent Unravell  Hex/Tmut       #.........   100%        5    ######.
 Conjure Ball Lightning   Conj/Air       #.........   100%        6    #######
 Death Channel            Necr           #.........   100%        6    #######
 Deflect Missiles         Chrm/Air       #.........   100%        6    #######
 Eringya's Noxious Bog    Tmut/Pois      #.........   100%        6    #######
 Hydra Form               Tmut           #.........   100%        6    #######
 Simulacrum               Ice/Necr       #.........   100%        6    #######
 Haunt                    Necr/Summ      #.........   100%        7    #######
 Summon Hydra             Summ           #.........   100%        7    #######
 Borgnjor's Revivificati  Necr           #.........   100%        8    #######
 Chain Lightning          Conj/Air       #.........   100%        8    #######
 Death's Door             Chrm/Necr      #.........   100%        8    #######
 Infestation              Necr           #.........   100%        8    #######
 Lehudib's Crystal Spear  Conj/Erth      #.........   100%        8    #######
 Necromutation            Tmut/Necr      #.........   100%        8    #######
 Dragon's Call            Summ           #.........   100%        9    #######
 Fire Storm               Conj/Fire      #.........   100%        9    #######
 Glaciate                 Conj/Ice       #.........   100%        9    #######
 Tornado                  Air            #.........   100%        9    #######


Dungeon Overview and Level Annotations

Branches:
Dungeon (15/15)            Temple (1/1) D:7            Lair (6/6) D:11
 Shoals (1/4) Lair:3       Spider (4/4) Lair:2        Slime (0/5) Lair:6
    Orc (2/2) D:11            Elf (3/3) Orc:2        Vaults (0/5) D:14
 Depths (0/5) D:15

Altars:
Cheibriados
Dithmenos
Elyvilon
Fedhas
Gozag
Hepliaklqana
Kikubaaqudgha
Okawaru
Qazlal
Ru
Sif Muna
Uskayaw
Vehumet
Wu Jian
Xom
Yredelemnul
Zin
The Shining One
Beogh

Shops:
D:4 !   D:8 (   D:9 *   D:12 !   D:14 *   Orc:2 ([!*   Elf:3 *:(

Portals:
Trove: D:14 (give +3 storm dragon scales)

Annotations:
D:4 2 transporters
D:10 3 runed translucent doors, ytaras's ghost, novice HOBe
D:15 3 runed translucent doors, Ozxo's ghost, journeyman GrEE
Shoals:1 Louise
Spider:3 3 runed translucent doors, Exief's ghost, adept GnWn


Innate Abilities, Weirdness & Mutations

You are clumsy. (Dex -2)
Your body sometimes deteriorates upon taking damage.
Your natural rate of healing is unusually fast.


Message History

The golden flame engulfs you but does no damage.
The golden flame engulfs the red draconian monk!!
The red draconian monk is severely wounded.
The golden flame engulfs the small abomination!
The small abomination writhes in agony!
The small abomination is heavily damaged.
The golden flame engulfs the starcursed mass!
The starcursed mass is almost destroyed.
The golden flame engulfs the starcursed mass!
The starcursed mass is severely damaged.
You are feeling very hungry.
The starcursed mass shudders and is absorbed by its neighbour. x2
The red draconian monk breathes flames at you.
The searing blast hits you. You resist.
* * * LOW HITPOINT WARNING * * *
Unknown command.
Unknown command.
You feel agile all of a sudden. The red draconian monk hits you!
You die...

. .§....#§ § ..§ .. .
.§...#[....§..§§§† ..
#.........§..#§§....
.. .
#§..§...§§..§.(..#.#
. .. #..§..X......§ .
.§..§§.§§..GXX.......
.
#§§..§.§§....§§....§.
.. .§
§..§.§..xq..§§§.§. ..
.§.h... §.h§@.§...§.
. §§.§....§§...§#.#§§
§§ .#.
§...h.§.....§§§.
..§.§..#§.☼..§....
..§§§.§...§..§§§ .§§
.#...§.§.§.§.
...§§§.#...§....
...§§§........


You could see 3 starcursed masses, a red draconian monk, an eye of draining, 2
raiju and a small abomination.

Vanquished Creatures
  2 deep elf master archers (Elf:3)
  3 tentacled starspawn
  4 deep elf sorcerers (Elf:3)
  2 ghost moths (Spider:4)
  4 emperor scorpions (Spider:4)
  A cacodemon (Abyss:2)
  An ironheart preserver (D:14)
  3 deep elf elementalists (Elf:3)
  2 entropy weavers (D:12)
  3 deep elf annihilators
  3 deep elf demonologists
  4 spark wasps
  An eidolon (Abyss:2)
  Snorg (D:14)
  5 deep elf death magi
  Harold (Orc:1)
  2 deep elf high priests (Elf:3)
  Josephine (D:15)
  3 hydras
  A vault guard (D:14)
  Erica (D:7)
  5 two-headed ogres
  A queen ant (D:12)
  2 anacondas (D:14)
  An ogre mage (D:15)
  A centaur warrior (D:14)
  27 dancing weapons
  7 death scarabs (Spider:4)
  2 tengu warriors
  Urug (Lair:1)
  3 orc high priests (Orc:2)
  9 small abominations
  A hell hog (Abyss:2)
  Nergalle (Lair:4)
  23 deep elf knights
  4 wretched stars
  5 unseen horrors
  4 skeletal warriors (D:12)
  10 deep elf archers
  3 wizards (D:15)
  4 orc knights (Orc:2)
  2 spectral wolf spiders (Spider:4)
  8 orb spiders
  4 orc sorcerers (Orc:2)
  5 ugly things
  Pikel (D:5)
  60 deep elf magi
  23 wolf spiders
  A necromancer (Lair:4)
  2 cyclopes
  4 manticores
  A moth of wrath (shapeshifter) (D:14)
  2 worldbinders (Abyss:3)
  4 moths of wrath
  Joseph (D:7)
  3 black mambas
  2 centaur zombies
  An elephant (D:11)
  An orange demon (Abyss:2)
  4 smoke demons
  4 torpor snails
  A water nymph (Shoals:1)
  11 spiny frogs
  A gargoyle (D:13)
  A kobold demonologist (D:13)
  4 rime drakes
  A freezing wraith (D:15)
  16 demonic crawlers
  A komodo dragon (shapeshifter) (Abyss:2)
  5 komodo dragons
  An efreet (Abyss:2)
  A redback zombie (Spider:4)
  A queen bee (D:14)
  2 ancient zymes (Abyss:2)
  A yaktaur (shapeshifter) (Elf:1)
  5 polar bears
  3 meliai
  A yaktaur (D:15)
  26 jumping spiders
  4 trolls
  3 spectral tarantellas (Spider:4)
  2 spectral jumping spiders (Spider:4)
  2 jumping spider zombies (Spider:4)
  21 hornets
  A raiju (shapeshifter) (D:14)
  25 blink frogs
  7 raiju (Abyss:3)
  A slime creature (D:14)
  A tarantella zombie (Spider:4)
  6 hippogriffs
  5 large abominations
  6 dream sheep
  Sigmund (D:4)
  A shadow (D:14)
  24 redbacks
  14 spriggans
  3 air elementals
  2 water elementals (Elf:3)
  18 tarantellas
  8 wraiths
  A vampire (D:14)
  A ynoxinul (Abyss:3)
  4 wyverns
  44 yaks
  5 basilisks
  A steam dragon (D:12)
  4 vampire mosquitoes (D:12)
  2 fire elementals (Elf:3)
  A chaos spawn (Abyss:2)
  A neqoxec (Abyss:3)
  4 hungry ghosts
  Grum (D:8)
  3 wargs
  A naga (D:14)
  24 soldier ants
  A harpy simulacrum (D:14)
  7 porcupines
  An acid dragon (D:12)
  9 water moccasins
  6 sky beasts
  6 black bears
  A hornet zombie (Spider:4)
  2 elephant zombies (Lair:4)
  5 ice beasts
  17 orc warriors
  2 phantoms
  An eye of draining (D:14)
  4 centaurs
  7 boggarts
  13 ogres
  34 wolves
  A big kobold (D:14)
  19 crocodiles
  16 bullfrogs
  3 earth elementals
  A wyvern zombie (D:9)
  6 scorpions
  A wyvern skeleton (D:14)
  25 killer bees
  19 wights
  7 electric eels
  5 howler monkeys
  7 crimson imps
  2 bullfrog zombies
  2 quasits (Abyss:3)
  7 hounds
  18 starcursed masses
  2 basilisk zombies (Lair:4)
  5 bullfrog skeletons
  12 orc priests
  A gnoll shaman (D:8)
  15 jellies
  8 centaur skeletons
  4 iguanas
  29 orc wizards
  24 worker ants
  5 hell rats (Lair:5)
  2 killer bee zombies
  A hound zombie (D:7)
  2 hound skeletons
  2 worker ant zombies
  20 gnolls
  20 adders
  A howler monkey skeleton (D:7)
  11 shadow imps
  2 ufetubi (Abyss:2)
  An ooze (Lair:6)
  An adder skeleton (D:6)
  2 worms
  5 leopard geckos
  75 orcs
  3 ball pythons
  8 giant cockroaches
  7 goblins
  6 hobgoblins
  16 jackals
  10 kobolds
  6 quokkas
  5 bats
  5 frilled lizards
  2 jackal skeletons
  A leopard gecko skeleton (D:8)
  A leopard gecko zombie (D:3)
  A quokka zombie (D:5)
  12 rats
  6 starspawn tentacles
1223 creatures vanquished.

Vanquished Creatures (collateral kills)
  2 deep elf blademasters (Elf:3)
  An emperor scorpion (Spider:4)
  A deep elf elementalist (Elf:3)
  4 deep elf demonologists (Elf:3)
  A deep elf annihilator (Elf:3)
  2 spark wasps (Spider:4)
  3 deep elf high priests (Elf:3)
  A death scarab (Spider:4)
  2 spectral wolf spiders (Spider:4)
  3 wolf spiders
  A deep elf mage (Elf:3)
  A moth of wrath (Spider:4)
  A torpor snail (Spider:2)
  A spectral redback (Spider:4)
  A demonic crawler (Spider:4)
  2 jumping spiders (Spider:4)
  A hornet (Spider:4)
  2 spectral tarantellas (Spider:4)
  A redback (Spider:4)
  3 tarantellas
34 creatures vanquished.

Vanquished Creatures (others)
  A ghost moth (Spider:1)
  A dancing weapon (Elf:3)
  A deep elf archer (Elf:3)
  2 deep elf magi (Elf:3)
  A jumping spider (Spider:4)
  A slave (D:5)
  A small abomination (Abyss:3)
  A scorpion (D:5)
  A quasit (Abyss:3)
  8 fungi
  9 plants
  11 starspawn tentacles
38 creatures vanquished.

Grand Total: 1295 creatures vanquished

Notes
Turn   | Place    | Note
-------+----------+-------------------------------------------
     0 | D:1      | ReteAZ the Human Fighter began the quest for the Orb.
     0 | D:1      | Reached XP level 1. HP: 18/18 MP: 1/1
   120 | D:1      | Reached XP level 2. HP: 20/24 MP: 2/2
   512 | D:1      | Reached skill level 3 in Long Blades
  1042 | D:2      | Found a stormy altar of Qazlal.
  1055 | D:2      | Found a shadowy altar of Dithmenos.
  1058 | D:2      | Found a snail-covered altar of Cheibriados.
  1060 | D:2      | Found a glowing silver altar of Zin.
  1087 | D:2      | Became a worshipper of Zin the Law-Giver
  1116 | D:2      | Reached XP level 3. HP: 24/29 MP: 3/3
  1490 | D:2      | Reached skill level 4 in Long Blades
  1490 | D:2      | Reached XP level 4. HP: 35/35 MP: 4/4
  1578 | D:2      | Reached * piety under Zin
  1936 | D:3      | Found a hide-covered altar of Uskayaw.
  2373 | D:3      | Reached XP level 5. HP: 34/41 MP: 5/5
  2397 | D:3      | Reached skill level 5 in Long Blades
  2588 | D:3      | Reached skill level 6 in Long Blades
  2588 | D:3      | Reached XP level 6. HP: 31/47 MP: 6/6
  2600 | D:3      | Gained mutation: Your body sometimes deteriorates upon
                  | taking damage. [potion of mutation]
  2600 | D:3      | Gained mutation: Your natural rate of healing is unusually
                  | fast. [potion of mutation]
  2712 | D:3      | Found an ornate altar of the Wu Jian Council.
  3176 | D:4      | Reached skill level 7 in Long Blades
  3176 | D:4      | Reached XP level 7. HP: 46/52 MP: 7/7
  3180 | D:4      | Reached ** piety under Zin
  3181 | D:4      | Donated 73 gold pieces to Zin
  3292 | D:4      | Found Begiurghi's Distillery.
  3299 | D:4      | Bought a potion of curing for 39 gold pieces
  3351 | D:4      | Found a transporter.
  3355 | D:4      | Found a transporter.
  3366 | D:4      | Noticed a deep elf mage
  3367 | D:4      | Found a shimmering blue altar of Sif Muna.
  3509 | D:4      | Reached skill level 8 in Long Blades
  3569 | D:4      | Found a white marble altar of Elyvilon.
  3581 | D:4      | Reached XP level 8. HP: 58/58 MP: 8/8
  3626 | D:4      | Noticed Sigmund
  3643 | D:4      | Killed Sigmund
  3643 | D:4      | Reached skill level 9 in Long Blades
  3926 | D:5      | Entered Level 5 of the Dungeon
  4121 | D:5      | Noticed Pikel
  4152 | D:5      | Killed Pikel
  4152 | D:5      | Reached skill level 10 in Long Blades
  4152 | D:5      | Reached XP level 9. HP: 63/63 MP: 9/9
  4183 | D:5      | Found a radiant altar of Vehumet.
  4301 | D:5      | Reached skill level 11 in Long Blades
  4369 | D:5      | Got a pair of shimmering gloves
  4380 | D:5      | Identified the +2 pair of gloves of Hedonism {rElec MR+}
                  | (You found it on level 5 of the Dungeon)
  4550 | D:5      | Reached *** piety under Zin
  4942 | D:6      | Reached skill level 12 in Long Blades
  5192 | D:6      | Reached XP level 10. HP: 69/70 MP: 10/10
  5622 | D:7      | Found an opulent altar of Gozag.
  5752 | D:7      | Reached **** piety under Zin
  5826 | D:7      | Reached skill level 13 in Long Blades
  5852 | D:7      | Noticed Joseph
  5883 | D:7      | Killed Joseph
  6166 | D:7      | Found a staircase to the Ecumenical Temple.
  6212 | Temple   | Entered the Ecumenical Temple
  6226 | Temple   | Fell from the grace of Zin
  6226 | Temple   | Became a worshipper of the Shining One
  6226 | Temple   | Reached * piety under the Shining One
  6226 | Temple   | Reached ** piety under the Shining One
  6275 | D:7      | Found a blossoming altar of Fedhas.
  6673 | D:8      | Reached skill level 14 in Long Blades
  6675 | D:8      | Noticed Erica
  6699 | D:7      | Killed Erica
  6699 | D:7      | Reached skill level 1 in Evocations
  6761 | D:8      | Noticed Grum
  6782 | D:8      | Killed Grum
  6820 | D:8      | Reached *** piety under the Shining One
  6871 | D:8      | Reached XP level 11. HP: 74/77 MP: 12/12
  6982 | D:8      | Found a shimmering altar of Xom.
  7098 | D:8      | Found Avidgh's Weapon Emporium.
  7245 | D:8      | Found a sacrificial altar of Ru.
  7604 | D:9      | Found a sacrificial altar of Ru.
  7613 | D:9      | Noticed a two-headed ogre
  7619 | D:9      | Killed a two-headed ogre
  7619 | D:9      | Reached skill level 5 in Fighting
  7619 | D:9      | Reached skill level 5 in Armour
  7619 | D:9      | Reached skill level 5 in Shields
  7708 | D:9      | Found an ancient bone altar of Kikubaaqudgha.
  8091 | D:9      | Found Wiriff's General Store.
  8294 | D:9      | Reached **** piety under the Shining One
  8491 | D:10     | Entered Level 10 of the Dungeon
  8669 | D:10     | Found a shadowy altar of Dithmenos.
  8764 | D:10     | Noticed an unseen horror
  8774 | D:10     | Killed an unseen horror
  8782 | D:10     | Found a runed translucent gate.
  8783 | D:10     | Found a runed translucent gate.
  8783 | D:10     | Noticed ytaras's ghost (novice HOBe)
  8784 | D:10     | Found a runed translucent gate.
  8786 | D:10     | Identified the +4 dire flail of ReteAZ's Anguish {protect,
                  | rF+ MR- Dex+3}
  8798 | D:10     | Found a roughly hewn altar of Beogh.
  8920 | D:11     | Found a staircase to the Orcish Mines.
  8934 | D:11     | Noticed a red ugly thing
  8948 | D:11     | Killed a red ugly thing
  8969 | D:11     | Reached skill level 5 in Evocations
  8977 | D:11     | Noticed an elephant
  8978 | D:11     | Found a staircase to the Lair.
  9175 | D:11     | Noticed a cyclops
  9184 | D:11     | Killed a cyclops
  9184 | D:11     | Reached XP level 12. HP: 71/88 MP: 15/15
  9899 | Lair:1   | Entered Level 1 of the Lair of Beasts
  9917 | Lair:1   | Noticed Urug
  9932 | Lair:1   | Killed Urug
 10167 | Lair:1   | Found a shimmering blue altar of Sif Muna.
 10241 | Lair:1   | Reached ***** piety under the Shining One
 10313 | Lair:1   | Got a brightly glowing emerald amulet
 10323 | Lair:1   | Identified the amulet "Efupsuuw" {RegenMP *Drain rPois
                  | rC+++ SInv} (You found it on level 1 of the Lair of Beasts)
 10916 | Lair:2   | Found a hole to the Spider Nest.
 11238 | Lair:2   | Reached XP level 13. HP: 89/98 MP: 18/18
 12516 | Lair:3   | Found a staircase to the Shoals.
 12783 | Lair:4   | Noticed a five-headed hydra
 12793 | Lair:4   | Killed a one-headed hydra
 13089 | Lair:4   | Noticed Nergalle
 13139 | Lair:4   | Killed Nergalle
 13535 | Lair:5   | Noticed a six-headed hydra
 13545 | Lair:5   | Killed a two-headed hydra
 13589 | Lair:5   | Reached XP level 14. HP: 103/108 MP: 20/20
 14098 | Lair:6   | Entered Level 6 of the Lair of Beasts
 14211 | Lair:6   | Reached skill level 10 in Shields
 14219 | Lair:6   | Reached skill level 10 in Armour
 14290 | Lair:6   | Reached skill level 10 in Fighting
 14598 | Lair:6   | Reached skill level 10 in Evocations
 14632 | Lair:6   | Found a staircase to the Slime Pits.
 14959 | Lair:6   | Reached ****** piety under the Shining One
 15690 | Orc:1    | Entered Level 1 of the Orcish Mines
 15767 | Orc:2    | Entered Level 2 of the Orcish Mines
 16163 | Orc:2    | Found Ynnipsodgh's General Store.
 16219 | Orc:2    | Reached XP level 15. HP: 69/115 MP: 22/22
 16443 | Orc:2    | Found a staircase to the Elven Halls.
 16784 | Orc:2    | Found Hiahem's Distillery.
 16790 | Orc:2    | Found Fobaciol's Antique Armour Emporium.
 16792 | Orc:2    | Found Qunwiw's Weapon Shop.
 16802 | Orc:2    | Bought a glowing shield for 240 gold pieces
 16802 | Orc:2    | Bought a runed plate armour for 832 gold pieces
 17094 | Orc:1    | Noticed Harold
 17122 | Orc:1    | Killed Harold
 18038 | D:12     | Found Toun's Distillery.
 18607 | D:12     | Reached skill level 15 in Shields
 19782 | D:14     | Noticed Snorg
 19782 | D:14     | Identified the ring "Heutessol" {rF+ rN+}
 19793 | D:14     | Killed Snorg
 19823 | D:15     | Entered Level 15 of the Dungeon
 19939 | D:14     | Found Qaoqolly's Serpentskin Sales.
 19968 | D:14     | Reached skill level 15 in Long Blades
 20246 | D:14     | Reached XP level 16. HP: 107/122 MP: 23/23
 20357 | D:14     | Reached skill level 1 in Dodging
 20414 | D:14     | Found a gate to the Vaults.
 20482 | D:14     | Found an opulent altar of Gozag.
 20595 | D:14     | Reached skill level 1 in Invocations
 20704 | D:14     | Found a portal to a secret trove of treasure.
 21083 | D:15     | Noticed Josephine
 21101 | D:15     | Killed Josephine
 21378 | D:15     | Reached skill level 5 in Invocations
 21404 | D:15     | Found a staircase to the Depths.
 21691 | D:15     | Found a runed translucent gate.
 21692 | D:15     | Found a runed translucent gate.
 21693 | D:15     | Found a runed translucent gate.
 21693 | D:15     | Noticed Ozxo's ghost (journeyman GrEE)
 22073 | Spider:1 | Entered Level 1 of the Spider Nest
 22871 | Spider:2 | Found a transporter.
 23342 | Spider:2 | Reached skill level 5 in Dodging
 23591 | Spider:2 | Found a transporter.
 23906 | Spider:3 | Reached XP level 17. HP: 110/128 MP: 24/24
 24103 | Spider:3 | Found a runed translucent gate.
 24103 | Spider:3 | Found a runed translucent gate.
 24103 | Spider:3 | Found a runed translucent gate.
 24105 | Spider:3 | Noticed Exief's ghost (adept GnWn)
 24685 | Spider:4 | Entered Level 4 of the Spider Nest
 24731 | Spider:4 | Reached skill level 16 in Long Blades
 25978 | Spider:4 | Reached skill level 17 in Long Blades
 26293 | Spider:4 | Reached skill level 10 in Invocations
 26505 | Spider:4 | Identified the +5 large shield of Pandemonium {rF+ Int+4}
 26685 | Spider:4 | Reached skill level 18 in Long Blades
 26816 | Spider:4 | Reached skill level 19 in Long Blades
 26833 | Spider:4 | Reached XP level 18. HP: 134/134 MP: 25/25
 26869 | Spider:4 | Got a gossamer rune of Zot
 27124 | Spider:2 | Identified the ring "Igiugait" {Ice rElec MR+ SInv} (You
                  | found it on level 2 of the Spider Nest)
 27131 | Spider:2 | Identified the amulet "Eliun" {Faith Str+5 Int+5 Dex-2}
                  | (You found it on level 2 of the Spider Nest)
 27287 | Elf:1    | Entered Level 1 of the Elven Halls
 27560 | Elf:1    | Reached skill level 20 in Long Blades
 27826 | Elf:1    | Identified the Collected Works on Summoning
 28387 | Elf:1    | Noticed a Brimstone Fiend
 28698 | Elf:2    | Found a runed translucent gate.
 28698 | Elf:2    | Found a runed translucent gate.
 28699 | Elf:2    | Found a runed translucent gate.
 28761 | Elf:2    | Reached skill level 21 in Long Blades
 29138 | Elf:2    | Reached XP level 19. HP: 139/140 MP: 26/26
 29534 | Elf:3    | Entered Level 3 of the Elven Halls
 29794 | Elf:3    | Reached skill level 22 in Long Blades
 30059 | Elf:3    | Found Paigudaw's Book Shop.
 30104 | Elf:3    | Found Feyjyh's General Store.
 30124 | Elf:3    | Bought a potion of curing for 63 gold pieces
 30151 | Elf:3    | Noticed a deep elf blademaster
 30389 | Elf:3    | Found Zisouf's Weapon Boutique.
 31178 | Elf:3    | Identified the +1 leather armour "Teboa" {rCorr}
 31267 | Elf:3    | Identified the cursed +1 ring mail of the Bells {rF+ Int+3
                  | Slay-2 Stlth+}
 31267 | Elf:3    | Noticed a deep elf blademaster
 31283 | Elf:3    | Killed a deep elf blademaster
 31344 | Elf:3    | Identified the cursed +1 robe of Contentment {-Cast rPois
                  | MR+}
 31351 | Elf:3    | Identified the +1 shadow dragon scales of Bibeokkena {-Cast
                  | rN+ Int+6 Stlth++++}
 31366 | Elf:3    | Cast into level 2 of the Abyss (a deep elf sorcerer)
 31472 | Abyss:2  | Reached skill level 23 in Long Blades
 31628 | Abyss:2  | Gained mutation: You are clumsy. (Dex -2) [a cacodemon]
 31645 | Abyss:2  | Found a burning altar of Makhleb.
 31827 | Elf:3    | Escaped the Abyss
 31832 | Elf:3    | Reached XP level 20. HP: 58/147 MP: 19/27
 32106 | Elf:3    | Noticed a Brimstone Fiend
 32109 | Elf:3    | Noticed a Tzitzimitl
 32277 | Elf:3    | Identified the amulet of Ahiulukh {+Rage Str+4}
 32359 | Elf:3    | Identified Enihum's Papyrus of Translocation and Earth
 32857 | Shoals:1 | Entered Level 1 of the Shoals
 32857 | Shoals:1 | Noticed Louise
 32888 | Shoals:1 | Cast into level 3 of the Abyss (Louise)
 32956 | Abyss:3  | Lost intelligence.
 33000 | Abyss:3  | Paralysed by accursed screaming for 1 turns
 33005 | Abyss:3  | Paralysed by accursed screaming for 1 turns
 33010 | Abyss:3  | HP: 7/147 [large abomination (18)]
 33010 | Abyss:3  | HP: 3/147 [red draconian monk (4)]
 33012 | Abyss:3  | The Shining One protects you from harm!
 33016 | Abyss:3  | HP: 7/147 [worldbinder (2)]
 33017 | Abyss:3  | The Shining One protects you from harm!
 33019 | Abyss:3  | Paralysed by accursed screaming for 2 turns
 33021 | Abyss:3  | HP: 6/147 [worldbinder (5)]
 33022 | Abyss:3  | HP: 2/147 [starcursed mass/accursed screaming (13)]
 33027 | Abyss:3  | Slain by a red draconian monk

Levels and vault maps discovered:
D:1:      elethiomel_arrival_shortcut, layout_basic, serial_aquarium,
          aquarium_bridge_island_small [aquarium_subvault_small_water,
          aquarium_subvault_window, aquarium_subvault_bridge,
          aquarium_subvault_bridge, aquarium_subvault_window],
          aquarium_window_corridor_1, aquarium_window_1, aquarium_window_fake,
          aquarium_window_2, aquarium_view_2e, aquarium_pool_corner
D:2:      layout_loops_ring, grunt_temple_overflow_open
D:3:      layout_loops_corners, eat_drink_and_be_merry_uskayaw,
          old_standard_altar
D:4:      layout_rooms, elyvilon_altar_3, gammafunk_temple_overflow_arena,
          serial_shops, nicolae_shop_trees, uniq_sigmund
D:5:      minmay_octagon_keep, layout_basic, lemuel_doored_altar, first_ration,
          corexii_corridor_pit, lemuel_another_geyser, uniq_pikel
D:6:      layout_loops_ring
D:7:      layout_loops_corners, fedhas_altar_1, grunt_gozag_statues,
          minmay_temple_entry_sparse_star, uniq_joseph
D:8:      layout_basic, nicolae_ru_great_annihilating_truth, basic_altar,
          serial_shops, shop, grunt_pizzeria, uniq_erica, uniq_grum
D:9:      layout_loops_corners, hangedman_feature_mirror,
          kennysheep_windowed_goal
D:10:     minmay_stone_box, layout_cave_pools, biasface_ghost_orc_armoury,
          basic_altar, minmay_crystal_room
D:11:     layout_grid_maze, david_lair_generic, orc_0_dummy,
          minmay_misc_feat_pillars
D:12:     layout_basic, serial_shops, shop, minivault_29
D:13:     layout_gridville
D:14:     layout_loops_ring, skrybe_vaults_entry_preservation, special_room
          [special_room_bee], serial_park_square2, basic_altar, enter_trove_5,
          guppyfry_shop_venom, uniq_snorg
D:15:     grunt_enter_depths_magical_seal, layout_loops_ring,
          minmay_tree_intersection, gammafunk_ghost_tricky_traps, uniq_josephine
Temple:   zaba_magenta_temple
Lair:1:   layout_gridlike, basic_altar, guppyfry_lair_drakes, lemuel_fruit_tree,
          serial_bayou_shore_a, uniq_urug
Lair:2:   layout_roguey, spider_nest_entry_a
Lair:3:   layout_hall_layers, shoals_dummy_entry,
          nicolae_lair_grove_arrangements, infiniplex_staircase_pool_2,
          lemuel_fruit_fields
Lair:4:   pond_and_an_island_with_a_cottage, layout_loops_ring,
          grunt_megastairs_2, uniq_nergalle
Lair:5:   layout_roguey, grunt_megastairs_5
Lair:6:   minmay_lair_end_enchanted_forest, layout_hall_layers,
          minmay_slime_entry_jelly_boxes
Shoals:1: layout_shoals, uniq_louise
Spider:1: layout_spider_delve, drop_trap, spiders_nest_hornet_nest,
          hangedman_spider_tarantella_strand
Spider:2: gammafunk_its_a_trap, worms_lemuel
Spider:3: layout_spider_delve, gammafunk_ghost_necromancy
Spider:4: floodkiller_spider_rune_tomb, guppyfry_spider_mini_2
Orc:1:    layout_caves, uniq_harold
Orc:2:    st_orc_elflike, layout_diamond_mine
Elf:1:    eino_elf_arrival_sip, layout_gridlike, minmay_elf_demonology
Elf:2:    layout_geoelf_grid
Elf:3:    minmay_elf_hall_not_hex, layout_loops_corners, serial_shops,
          shop_coins, nicolae_shop_behind_doors, shop
Abyss:3:  grunt_abyss_rune_wretched_hive, guppyfry_abyss_exit_glass_guarded,
          evilmike_abyss_exit_4

Skill      XL: |  1  2  3  4  5  6  7  8  9 10 11 12 13 14 15 16 17 18 19 |
---------------+----------------------------------------------------------+-----
Long Blades    | 3 4 6 7 8 10 12 14 15 19 21 23 | 23.8
Evocations     | 2 5 7 9 10 | 10.0
Fighting       | 4 6 8 9 10 | 10.1
Armour         | 4 6 8 9 10 | 10.4
Shields        | 4 6 8 9 12 15 | 15.1
Dodging        | 5 6 |  6.0
Invocations    | 7 10 | 10.0

Action                   |  1- 3 |  4- 6 |  7- 9 | 10-12 | 13-15 | 16-18 | 19-21 || total
-------------------------+-------+-------+-------+-------+-------+-------+-------++-------
Melee: Long sword        |   109 |   148 |   445 |   276 |       |       |       ||   978
       Scimitar          |       |       |       |   549 |  1615 |  1580 |   688 ||  4432
Throw: Boomerang         |       |       |       |       |     3 |     1 |       ||     4
       Javelin           |       |       |       |       |     1 |       |       ||     1
       Throwing net      |       |       |       |       |     1 |       |       ||     1
Invok: Donate Gold       |       |       |     1 |       |       |       |       ||     1
       Divine Shield     |       |       |       |       |     3 |     7 |    10 ||    20
       Cleansing Flame   |       |       |       |       |     1 |     6 |    27 ||    34
       Summon Divine War |       |       |       |       |       |     4 |     3 ||     7
Evoke: Wand              |       |       |       |       |       |    16 |     5 ||    21
  Use: Potion            |       |     6 |       |     5 |       |     2 |    10 ||    23
       Scroll            |       |     1 |     2 |    23 |    11 |    12 |     7 ||    56
  Eat: Chunk             |     2 |     5 |     7 |    27 |    33 |    21 |     8 ||   103
       Ration            |       |       |       |       |       |     4 |     3 ||     7
Armor: Ring mail         |    63 |    64 |     8 |       |       |       |       ||   135
       Scale mail        |     2 |       |   132 |       |       |       |       ||   134
       Plate armour      |       |       |    37 |   421 |   802 |   892 |   227 ||  2379
       Gold dragon scale |       |       |       |       |       |       |    86 ||    86
Dodge: Dodged            |    37 |    53 |    97 |    68 |   320 |   487 |   139 ||  1201
Block: Shield            |    58 |    79 |   182 |   327 |   938 |  1425 |   228 ||  3237
       Buckler           |       |       |       |       |       |       |   147 ||   147
       Reflection        |       |       |       |       |       |       |    18 ||    18
       Rpst.: Long sword |    11 |    14 |    27 |     8 |       |       |       ||    60
       Scimitar          |       |       |       |    13 |    91 |    78 |    26 ||   208

Table legend:
 A = Non-vault XP
 B = Vault XP
 C = Vault XP percentage of total XP
 D = Non-vault monster count
 E = Vault monster count
 F = Vault count percentage of total count
                 A         B        C        D         E       F
            +---------+---------+-------+---------+---------+-------
      Total |  197221 |  164427 |  45.5 |     858 |     397 |  31.6
            +---------+---------+-------+---------+---------+-------
        D:1 |      21 |       0 |   0.0 |      12 |       0 |   0.0
        D:2 |      66 |       0 |   0.0 |      25 |       0 |   0.0
        D:3 |     422 |       0 |   0.0 |      31 |       0 |   0.0
        D:4 |     601 |     220 |  26.8 |      31 |       1 |   3.1
        D:5 |     565 |     931 |  62.2 |      18 |      13 |  41.9
        D:6 |    1145 |       0 |   0.0 |      31 |       0 |   0.0
        D:7 |     897 |    1430 |  61.5 |      34 |       2 |   5.6
        D:8 |     878 |     873 |  49.9 |      24 |      10 |  29.4
        D:9 |    3684 |     297 |   7.5 |      35 |       4 |  10.3
       D:10 |    1329 |     175 |  11.6 |      18 |       2 |  10.0
       D:11 |    3569 |    1200 |  25.2 |      25 |       5 |  16.7
       D:12 |    7847 |    7656 |  49.4 |      45 |      42 |  48.3
       D:13 |    4271 |       0 |   0.0 |      31 |       0 |   0.0
       D:14 |    5845 |    9404 |  61.7 |      25 |      24 |  49.0
       D:15 |    7525 |    8772 |  53.8 |      21 |      18 |  46.2
     Lair:1 |    3015 |    1198 |  28.4 |      19 |       3 |  13.6
     Lair:2 |    3375 |     522 |  13.4 |      15 |       2 |  11.8
     Lair:3 |   10213 |       0 |   0.0 |      45 |       0 |   0.0
     Lair:4 |    2049 |    3166 |  60.7 |      10 |      11 |  52.4
     Lair:5 |    5417 |    1696 |  23.8 |      26 |       3 |  10.3
     Lair:6 |    9992 |    8664 |  46.4 |      43 |      58 |  57.4
   Shoals:1 |     400 |       0 |   0.0 |       1 |       0 |   0.0
   Spider:1 |    7847 |    3645 |  31.7 |      20 |      12 |  37.5
   Spider:2 |    4711 |    5139 |  52.2 |      14 |      15 |  51.7
   Spider:3 |    5263 |       0 |   0.0 |      12 |       0 |   0.0
   Spider:4 |   14026 |   37281 |  72.7 |      35 |      78 |  69.0
      Orc:1 |    1869 |    1039 |  35.7 |      19 |       1 |   5.0
      Orc:2 |    1630 |    8337 |  83.6 |      28 |      25 |  47.2
      Elf:1 |   19922 |    7018 |  26.1 |      30 |      11 |  26.8
      Elf:2 |   12149 |   24672 |  67.0 |      18 |      31 |  63.3
      Elf:3 |   32217 |   31092 |  49.1 |      51 |      26 |  33.8
    Abyss:2 |   13391 |       0 |   0.0 |      35 |       0 |   0.0
    Abyss:3 |   11070 |       0 |   0.0 |      31 |       0 |   0.0
            +---------+---------+-------+---------+---------+-------
